 Dungeon Crawl Stone Soup version 0.30.0 (webtiles) character file.

Game seed: 11576634219958241306

108 MarshyFox the Grave Robber (level 5, -3/35 HPs)
             Began as a Human Necromancer on Oct 3, 2023.
             Slain by an ice beast (8 damage)
             ... on level 4 of the Dungeon.
             The game lasted 01:24:52 (3958 turns).

MarshyFox the Grave Robber (Human Necromancer)      Turns: 3958, Time: 01:24:53

Health: -3/35      AC:  4    Str:  8    XL:     5   Next: 12%
Magic:  10/10      EV: 12    Int: 18    God:
Gold:   134        SH:  0    Dex: 13    Spells: 2/10 levels left

rFire   . . .        g - +4 short sword (freeze)
rCold   . . .        (no shield)
rNeg    . . .        w - +0 robe
rPois   .            (no helmet)
rElec   .            (no cloak)
rCorr   .            (no gloves)
SInv    .            x - +1 pair of boots
Will    .....        (no amulet)
Stlth   ++           (no ring)
HPRegen 0.25/turn    (no ring)
MPRegen 0.12/turn

%: no passive effects
@: no status effects
A: no striking features
a: no special abilities


You were on level 4 of the Dungeon.
You visited 1 branch of the dungeon, and saw 4 of its levels.

You collected 134 gold pieces.

Inventory:

Hand Weapons
 c - a +0 spear
 e - a +0 whip
 g - a +4 short sword of freezing (weapon)
 n - a +0 dagger
 p - a +0 dagger
 q - a +0 club
 y - a +0 war axe
Missiles
 r - 28 stones
Armour
 a - a +0 robe
 d - a +0 leather armour
 h - a +0 ring mail
 j - a +0 buckler
 m - a +0 leather armour
 u - a +0 ring mail
 w - a +0 robe (worn)
 x - a +1 pair of boots (worn)
Scrolls
 i - a scroll of fog {unknown}
 l - a scroll of immolation
 t - a scroll of noise {unknown}
 A - a scroll of brand weapon {unknown}
 B - a scroll of amnesia {unknown}
Potions
 b - 2 potions of magic
 k - a potion of resistance {unknown}
 o - a potion of invisibility {unknown}
 s - a potion of brilliance {unknown}
 z - a potion of might {unknown}
 C - a potion of attraction {unknown}


   Skills:
 - Level 2.0 Dodging
 - Level 2.0 Stealth
 * Level 3.4 Spellcasting
 * Level 5.1 Necromancy


You had 2 spell levels left.
You knew the following spells:

 Your Spells              Type           Power      Damage    Failure   Level
a - Necrotise             Necr           84%        1d8       1%          1
b - Vampiric Draining     Necr           21%        2d7       5%          3
c - Animate Dead          Necr           21%        N/A       19%         4

Your spell library contained the following spells:

 Spells                   Type           Power      Damage    Failure   Level
 Beastly Appendage        Tmut           6%         N/A       16%         1
 Wereblood                Tmut           3%         N/A       24%         2
 Inner Flame              Hex/Fire       3%         N/A       43%         3
 Spider Form              Tmut/Pois      3%         N/A       43%         3
 Agony                    Necr           21%        N/A       45%         5
 Passage of Golubria      Tloc           3%         N/A       83%         4
 Silence                  Hex/Air        1%         N/A       99%         5
 Yara's Violent Unravell  Hex/Tmut       1%         3d3       99%         5
 Enfeeble                 Hex            1%         N/A       100%        7
 Lehudib's Crystal Spear  Conj/Erth      1%         10d2      100%        8


Dungeon Overview and Level Annotations

Branches:
Dungeon (4/15)
 Temple: D:4-7

Altars:
Qazlal

Annotations:
D:2 Sigmund
D:4 2 exclusions, Edmund


Message History

You start resting.
Your reaping aura expires.
You start resting.
Magic restored.
You start resting.
HP restored.
As you open the door, it creaks loudly!
There is an open door here.
There is an open door here.
You open the door. The ice beast hits you. The ice beast freezes you.
There is an open door here.
You open the door.
The ice beast hits you but does no damage.
There is an open door here.
You closely miss the ice beast.
The ice beast hits you but does no damage.
You hit the ice beast.
The ice beast is lightly wounded.
The ice beast hits you. The ice beast freezes you!
You are too injured to fight recklessly!
You are too injured to fight recklessly!
You are too injured to fight recklessly!
You are too injured to fight recklessly!
You hit the ice beast.
The ice beast is moderately wounded.
The ice beast closely misses you.
You hit the ice beast but do no damage.
The ice beast is moderately wounded.
The ice beast hits you but does no damage.
You barely miss the ice beast.
The ice beast is lightly wounded.
The ice beast hits you. The ice beast freezes you!
* * * LOW HITPOINT WARNING * * *
You hit the ice beast but do no damage.
The ice beast is lightly wounded.
The ice beast hits you.
* * * LOW HITPOINT WARNING * * *
The ice beast freezes you!
You die...

##### # +...+ # . #
#####...###### .. #.
+.#.......#...
#'#.#####.#'#...#'#.#.
##
#.....#.....#...#.#.#.
.+
#....@Y.....##+##...Y.
##
#.....#.....#........#
#'#.#####.#+#.#####..#
.. #. '.# ........ . #
.### ###.... . ..
#.... .# . #.... ## #
#.... #.####....


You could see an ice beast.

Vanquished Creatures
  3 adders
  2 worms (D:2)
  3 dart slugs
  4 ball pythons (D:1)
  13 bats
  9 endoplasms
  5 goblins
  5 hobgoblins
  3 quokkas
  4 frilled lizards
  6 kobolds
  5 rats
62 creatures vanquished.

Vanquished Creatures (collateral kills)
  A goblin (D:1)
  A rat (D:1)
2 creatures vanquished.

Grand Total: 64 creatures vanquished

Notes
Turn   | Place    | Note
-------+----------+-------------------------------------------
     0 | D:1      | MarshyFox the Human Necromancer began the quest for the
                  | Orb.
     0 | D:1      | Reached XP level 1. HP: 13/13 MP: 3/3
   117 | D:1      | Reached XP level 2. HP: 19/19 MP: 1/5
   626 | D:1      | Reached XP level 3. HP: 22/24 MP: 6/6
   630 | D:1      | Learned a level 3 spell: Vampiric Draining
  1191 | D:2      | Noticed Sigmund
  1192 | D:2      | You fall into a shaft and drop 1 floor!
  1429 | D:3      | Found a faded altar of an unknown god.
  1503 | D:2      | Reached XP level 4. HP: 22/30 MP: 4/8
  2302 | D:2      | Reached skill level 5 in Necromancy
  2307 | D:2      | Learned a level 4 spell: Animate Dead
  2834 | D:3      | Reached XP level 5. HP: 35/35 MP: 10/10
  3515 | D:4      | Noticed Edmund
  3519 | D:4      | Noticed a black bear
  3691 | D:4      | Found a stormy altar of Qazlal.
  3781 | D:4      | Noticed an ice beast
  3958 | D:4      | Slain by an ice beast

Illustrated notes

Levels and vault maps discovered:
D:1:      nagdon_arrival_double_spiral, layout_basic, minmay_octomino_e4
D:2:      layout_loops_ring, kennysheep_path_1, hangedman_decor_slide_cut,
          uniq_sigmund
D:3:      layout_basic, ebering_ecumenical_altar_abandoned
D:4:      nicolae_cairo_tiling_large, layout_basic,
          mainiacjoe_overflow_small_starburst, kennysheep_big_empty_room,
          uniq_edmund

Skill      XL: |  1  2  3  4 |
---------------+-------------+-----
Spellcasting   | 3 |  3.4
Necromancy     | 5 |  5.1
Dodging        | |  2.0
Stealth        | |  2.0

Action                     |  1- 3 |  4- 6 || total
---------------------------+-------+-------++-------
  Melee: Spear             |    31 |       ||    31
         Punch             |     2 |       ||     2
         Short sword       |    20 |    94 ||   114
   Cast: Necrotise         |    17 |     3 ||    20
         Vampiric Draining |     2 |       ||     2
         Animate Dead      |       |     2 ||     2
    Use: Scroll            |     5 |     5 ||    10
         Potion            |     1 |       ||     1
   Stab: Sleeping          |     2 |     2 ||     4
 Armour: Ring mail         |    32 |       ||    32
         Robe              |    13 |    21 ||    34
  Dodge: Dodged            |    70 |    56 ||   126
